 Dungeon Crawl Stone Soup version 0.27-a0-1060-gcb85b5eba1 (webtiles) character file.

Game seed: 13238189910543907426

6502 sizableburger the Chucker (level 10, -3/76 HPs)
             Began as a Mummy Hunter on Apr 21, 2021.
             Was a Priest of Wu Jian.
             Slain by a wolf (8 damage)
             ... led by Grum
             ... on level 1 of the Lair of Beasts.
             The game lasted 00:38:50 (14379 turns).

sizableburger the Chucker (Mummy Hunter)           Turns: 14379, Time: 00:38:51

Health: -3/76      AC: 13    Str: 18    XL:     10   Next: 69%
Magic:  17/17      EV:  7    Int: 12    God:    Wu Jian [***...]
Gold:   443        SH:  0    Dex: 12    Spells: 12/18 levels left

rFire    x . .     SeeInvis +   f - +4 whip (freeze)
rCold    + . .     Faith    .   (no shield)
rNeg     + + +     Spirit   .   k - +0 chain mail
rPois    ∞         Reflect  .   o - +2 helmet
rElec    .         Harm     .   (no cloak)
rCorr    .         Rampage  .   (no gloves)
Will     +....                  (no boots)
Stlth    ..........             h - amulet of magic regeneration
HPRegen  0.22/turn              e - ring of see invisible
MPRegen  0.40/turn              p - ring of wizardry

@: no status effects
A: cold resistance 1, negative energy resistance 3, torment resistance 2,
unbreathing 1, heat vulnerability 1, no potions
a: Renounce Religion, Wall Jump, Serpent's Lash


You were on level 1 of the Lair of Beasts.
You worshipped Wu Jian.
Wu Jian was most pleased with you.
You visited 2 branches of the dungeon, and saw 10 of its levels.
You also visited: Sewer.

You collected 443 gold pieces.

Inventory:

Hand Weapons
 f - a +4 whip of freezing (weapon)
Missiles
 a - 15 poisoned darts
 c - 8 javelins (quivered)
 d - a throwing net
 j - 9 boomerangs
Armour
 b - a +1 leather armour
 k - a +0 chain mail (worn)
 o - a +2 helmet (worn)
 q - a +0 plate armour
 s - +0 steam dragon scales
Jewellery
 e - a ring of see invisible (left hand)
 h - an amulet of magic regeneration (around neck)
 n - a ring of positive energy
 p - a ring of wizardry (right hand)
 u - a ring of flight
Wands
 g - a wand of flame (18)
 m - a wand of mindburst (4)
Scrolls
 i - 3 scrolls of magic mapping
 l - 2 scrolls of identify
 t - a scroll of silence


   Skills:
 - Level 6.1 Fighting
 - Level 0.2 Short Blades
 + Level 6.2 Maces & Flails
 + Level 7.1 Throwing
 + Level 5.4 Armour
 - Level 1.5 Dodging
 - Level 0.7 Stealth
 + Level 4.8 Spellcasting
 + Level 3.6 Hexes
 - Level 5.0 Evocations


You had 12 spell levels left.
You knew the following spells:

 Your Spells              Type           Power      Damage    Failure   Level
a - Slow                  Hex            11%        N/A       30%         2
b - Cause Fear            Hex            5%         N/A       87%         4

Your spell library contained the following spells:

 Spells                   Type           Power      Damage    Failure   Level
 Corona                   Hex            12%        N/A       21%         1
 Confusing Touch          Hex            11%        N/A       50%         3
 Tukima's Dance           Hex            11%        N/A       50%         3
 Ensorcelled Hibernation  Hex/Ice        14%        N/A       52%         2
 Summon Small Mammal      Summ           8%         N/A       65%         1
 Dazzling Flash           Conj/Hex       14%        N/A       75%         3
 Inner Flame              Hex/Fire       7%         N/A       75%         3
 Portal Projectile        Hex/Tloc       14%        N/A       75%         3
 Summon Guardian Golem    Hex/Summ       7%         N/A       75%         3
 Call Imp                 Summ           2%         N/A       77%         2
 Call Canine Familiar     Summ           2%         N/A       93%         3
 Leda's Liquefaction      Hex/Erth       3%         N/A       98%         4
 Summon Ice Beast         Ice/Summ       2%         N/A       100%        4
 Summon Lightning Spire   Summ/Air       2%         N/A       100%        4


Dungeon Overview and Level Annotations

Branches:
Dungeon (9/15)             Temple (0/1) D:5            Lair (1/6) D:8
  Sewer (visited)
    Orc: D:9-12

Altars:
Dithmenos
Gozag
Makhleb
Nemelex Xobeh
Okawaru
Trog
Vehumet
Wu Jian
The Shining One

Annotations:
D:5 Dowan
Lair:1 Grum


Innate Abilities, Weirdness & Mutations

You are immune to poison.
Your flesh is cold resistant. (rC+)
You are immune to negative energy. (rN+++)
You are immune to unholy pain and torment.
You can survive without breathing.
You are vulnerable to heat. (rF-)
You do not drink.


Message History

The javelin pierces through Grum!
Grum is severely wounded.
You feel less exhausted.
The wolf bites you but does no damage. x2
Throw: 12 javelins
Press: ? - help, Q - select action, (/) - cycle Shift-Dir - straight line, f - wolf
Aim: a wolf (almost dead, 48% to hit)
You throw a javelin.
The javelin pierces through the wolf but does no damage.
The wolf is heavily wounded.
The javelin pierces through the wolf!
The wolf is heavily wounded.
The javelin pierces through the wolf!
You kill the wolf!
The Council accepts your kill. The wolf bites you but does no damage.
The wolf bites you.
* * * LOW HITPOINT WARNING * * *
Throw: 11 javelins
Press: ? - help, Q - select action, (/) - cycle Shift-Dir - straight line, f - cane toad
Aim: a cane toad (moderately wounded, 68% to hit)
You throw a javelin. The javelin barely misses the wolf.
The javelin pierces through the cane toad but does no damage.
The cane toad is moderately wounded.
The wolf closely misses you. x2
Throw: 10 javelins
Press: ? - help, Q - select action, (/) - cycle Shift-Dir - straight line, f - Grum
Aim: Grum, wielding a -2 spear of flaming, wearing a +0 animal skin and quivering stones (severely wounded, 66% to hit)
You throw a javelin. The javelin barely misses the wolf.
The javelin closely misses Grum.
The wolf barely misses you. x2
Grum sniffs the air and quickly glances around.
Grum hits you but does no damage.
Throw: 9 javelins
Press: ? - help, Q - select action, (/) - cycle Shift-Dir - straight line, f/p - Grum
Aim: Grum, wielding a -2 spear of flaming, wearing a +0 animal skin and quivering stones (severely wounded, 68% to hit)
You throw a javelin. The javelin barely misses the wolf.
The javelin pierces through Grum but does no damage.
Grum is severely wounded.
The wolf bites you but does no damage. The wolf bites you!
You die...

######.P#P##############.#.#
#...........................
#..#####+###...#PP.####.#...
#..#........#..#............
#...........#..#.........P..
##..+........#............#..
#...#........#............#..
##..#........#..#.........#..
#..........@#...............
#..P#.##+###hh.#............
#...........g..#............
#...........†..##########..
#..................
##............(......
#....................
##............(((#.#.
#...................


You could see Grum and 2 wolves.

Vanquished Creatures
  Harold (D:8)
  Nergalle (Lair:1)
  A cane toad (Lair:1)
  Grinder (D:5)
  A yak (D:8)
  3 basilisks
  2 wyverns (D:8)
  Eustachio (D:5)
  A steam dragon (D:8)
  Duvessa (D:5)
  An orc warrior (D:8)
  4 sky beasts
  A water moccasin (Lair:1)
  4 ice beasts
  2 necrophages
  3 wolves
  An ogre (D:6)
  A phantom (D:5)
  2 centaurs (D:7)
  A kobold brigand (D:6)
  A gnoll sergeant (D:9)
  3 bullfrogs
  A scorpion (D:5)
  6 killer bees (D:7)
  9 wights (D:6)
  A centaur zombie (D:8)
  4 hounds
  A centaur skeleton (D:4)
  A gnoll shaman (D:7)
  2 bullfrog skeletons
  3 orc wizards
  Ijyb (D:5)
  2 iguanas
  2 killer bee zombies
  A hound zombie (D:5)
  A hound skeleton (D:4)
  13 adders
  8 gnolls
  2 river rats (Sewer)
  A shadow imp (D:6)
  A white imp (D:7)
  2 adder skeletons (D:4)
  4 worms
  14 orcs
  8 endoplasms
  4 giant cockroaches
  10 goblins
  9 hobgoblins
  9 jackals
  8 quokkas
  10 ball pythons
  7 bats
  9 frilled lizards
  15 kobolds
  6 rats
212 creatures vanquished.

Vanquished Creatures (others)
  2 fungi (Lair:1)
  3 plants
5 creatures vanquished.

Grand Total: 217 creatures vanquished

Notes
Turn   | Place    | Note
-------+----------+-------------------------------------------
     0 | D:1      | sizableburger the Mummy Hunter began the quest for the Orb.
     0 | D:1      | Reached XP level 1. HP: 16/16 MP: 1/1
   127 | D:1      | Found a faded altar of an unknown god.
   330 | D:1      | Became a worshipper of the Wu Jian Council
   330 | D:1      | Reached * piety under Wu Jian
   349 | D:1      | Reached XP level 2. HP: 22/22 MP: 2/2
   809 | D:1      | Reached skill level 1 in Maces & Flails
   991 | D:1      | Reached XP level 3. HP: 28/28 MP: 3/3
  1747 | D:2      | Reached ** piety under Wu Jian
  2169 | D:2      | Reached XP level 4. HP: 30/34 MP: 4/4
  3048 | D:3      | Found a sparkling altar of Nemelex Xobeh.
  3398 | D:3      | Found a burning altar of Makhleb.
  3558 | D:3      | Reached skill level 4 in Throwing
  3558 | D:3      | Reached XP level 5. HP: 32/41 MP: 5/5
  3823 | D:4      | Reached *** piety under Wu Jian
  4444 | D:4      | Found a glowing drain.
  4448 | Sewer    | Entered a sewer
  4456 | Sewer    | Reached XP level 6. HP: 32/48 MP: 6/6
  5062 | D:4      | Noticed a sky beast
  5067 | D:4      | Killed a sky beast
  5400 | D:4      | Reached XP level 7. HP: 51/55 MP: 7/7
  5582 | D:5      | Entered Level 5 of the Dungeon
  5582 | D:5      | Noticed Eustachio
  5591 | D:5      | Killed Eustachio
  5592 | D:5      | Reached skill level 5 in Fighting
  5592 | D:5      | Reached skill level 5 in Throwing
  5945 | D:5      | Found a radiant altar of Vehumet.
  6167 | D:5      | Noticed Ijyb
  6178 | D:5      | Killed Ijyb
  6179 | D:5      | Reached XP level 8. HP: 54/63 MP: 8/8
  6485 | D:5      | Noticed Duvessa
  6509 | D:5      | Killed Duvessa
  6510 | D:5      | Reached skill level 1 in Armour
  6510 | D:5      | Reached skill level 1 in Evocations
  6841 | D:5      | Noticed Dowan
  7044 | D:5      | Noticed Grinder
  7046 | D:5      | Paralysed by Grinder for 3 turns
  7053 | D:5      | Killed Grinder
  7060 | D:5      | Found a staircase to the Ecumenical Temple.
  7159 | D:6      | Learned a level 2 spell: Slow
  7310 | D:6      | Found an opulent altar of Gozag.
  7343 | D:6      | Reached **** piety under Wu Jian
  7357 | D:6      | Reached skill level 1 in Spellcasting
  7474 | D:6      | Found a bloodstained altar of Trog.
  7505 | D:6      | Reached skill level 1 in Hexes
  7691 | D:6      | Reached skill level 5 in Maces & Flails
  8323 | D:6      | Reached XP level 9. HP: 65/69 MP: 12/12
  8791 | D:6      | Found an iron altar of Okawaru.
 10144 | D:7      | Identified the +7 scimitar of Xom's Condemnation {flame,
                  | Contam rPois rC+}
 10834 | D:7      | Reached skill level 6 in Throwing
 11200 | D:7      | Found a shadowy altar of Dithmenos.
 11449 | D:8      | Noticed Harold
 11463 | D:8      | Killed Harold
 11464 | D:8      | Reached XP level 10. HP: 57/76 MP: 14/14
 11554 | D:8      | Learned a level 4 spell: Cause Fear
 11989 | D:8      | Found a staircase to the Lair.
 12984 | D:9      | Reached skill level 5 in Armour
 13107 | Lair:1   | Entered Level 1 of the Lair of Beasts
 13110 | Lair:1   | Noticed a cane toad
 13541 | Lair:1   | Killed a cane toad
 13696 | Lair:1   | Reached skill level 5 in Evocations
 13795 | Lair:1   | Reached skill level 7 in Throwing
 13937 | Lair:1   | Noticed Nergalle
 13955 | Lair:1   | Killed Nergalle
 14337 | Lair:1   | Noticed a cane toad
 14355 | Lair:1   | Noticed Grum
 14379 | Lair:1   | Slain by a wolf

Illustrated notes

Levels and vault maps discovered:
D:1:      tarquinn_simple_flora_water_b, layout_loops_ring,
          ebering_ecumenical_altar_mist
D:2:      layout_basic
D:3:      layout_basic, general_overflow_altar, old_standard_altar,
          due_unseen_surprise
D:4:      layout_loops_cross, nicolae_ossuary_entry_monument,
          gup_sewer_entry_spiral, minmay_pentomino_pile
D:5:      layout_gridville, lemuel_coloured_pillars_altar, temple_statues,
          uniq_eustachio, uniq_duvessa, uniq_ijyb, uniq_grinder
D:6:      layout_cave_pods, kennysheep_okawaru_gauntlet,
          overflow_temple_1_default, lemuel_round_altar, marbit_many_paths
D:7:      layout_loops_ring, lemuel_tele_altar
D:8:      layout_loops_corners, david_lair_generic, uniq_harold
D:9:      layout_irregular_city, old_standard_altar, lemuel_crystal_altar,
          nicolae_alphabet_shops, kennysheep_big_empty_room
Lair:1:   layout_regular_city, enter_volcano_4, minivault_27, minivault_26,
          st_stairs_10, amcnicky_mini_pool_medium, lemuel_fruit_tree, uniq_grum,
          uniq_erica, uniq_nergalle

Skill      XL: |  1  2  3  4  5  6  7  8  9 10 |
---------------+-------------------------------+-----
Maces & Flails | 1 2 3 4 5 6 |  6.2
Fighting       | 3 4 5 6 |  6.1
Throwing       | 4 5 6 7 |  7.1
Armour         | 2 4 5 |  5.4
Evocations     | 2 4 5 |  5.0
Spellcasting   | 2 4 |  4.8
Hexes          | 1 2 3 |  3.6
Short Blades   | |  0.2
Dodging        | |  1.5
Stealth        | |  0.7

Action                   |  1- 3 |  4- 6 |  7- 9 | 10-12 || total
-------------------------+-------+-------+-------+-------++-------
Melee: Whip              |   157 |   199 |   270 |   103 ||   729
       Short sword       |     6 |       |       |       ||     6
Throw: Boomerang         |       |    24 |    42 |    13 ||    79
       Javelin           |       |    16 |    45 |    32 ||    93
       Throwing net      |       |       |     6 |     2 ||     8
       Dart              |       |       |     8 |    32 ||    40
Invok: Lunge             |    16 |    21 |    24 |     7 ||    68
       Whirlwind         |    18 |     2 |    11 |     8 ||    39
       Serpent's Lash    |       |     1 |       |     2 ||     3
 Abil: Wall Jump         |     2 |     1 |       |     1 ||     4
Evoke: Wand              |       |       |     5 |     6 ||    11
  Use: Scroll            |       |    12 |     4 |     2 ||    18
 Stab: Sleeping          |     1 |       |       |       ||     1
       Distracted        |       |       |     1 |       ||     1
       Held in net/web   |       |       |     2 |       ||     2
Armor: Leather armour    |    27 |    44 |    65 |       ||   136
       Chain mail        |       |       |    32 |    85 ||   117
Dodge: Dodged            |    97 |   103 |   144 |    52 ||   396

Table legend: (Time is in decaauts)
 A = Elapsed time spent in this place.
 B = Non-inter-level travel time spent in this place.
 C = Inter-level travel time spent in this place.
 D = Time resting spent in this place.
 E = Time spent auto-exploring this place.
 F = Levels seen in this place.
 G = Mean time per level.
                   A        B        C        D        E       F      G
               +--------+--------+--------+--------+--------+-----+--------+
         Total |  14439 |  13950 |    489 |   4936 |   6669 |  11 | 1312.6 |
       Dungeon |  13142 |  12653 |    489 |   4465 |   6138 |   9 | 1460.2 |
          Lair |    721 |    721 |      0 |    307 |    272 |   1 |  721.0 |
         Sewer |    575 |    575 |      0 |    164 |    259 |   1 |  575.0 |
               +--------+--------+--------+--------+--------+-----+--------+

Top non-repeatable levels by time:
     D:8: 2466 daAuts
     D:6: 2264 daAuts
     D:7: 1654 daAuts
     D:5: 1523 daAuts
     D:1: 1418 daAuts
     D:4: 1371 daAuts
     D:2: 1352 daAuts
     D:3: 966 daAuts
  Lair:1: 721 daAuts
   Sewer: 575 daAuts
     D:9: 123 daAuts
